Map: [ESL] Hecate

Players

Firefly

  • Race: Protoss Protoss
  • Spawn Location: 7:00

Coffee - Winner!

  • Race: Terran Terran
  • Spawn Location: 1:00

Event: ESL SC2 Masters 2023 Winter (Regional)

VOD

Have the link to the VOD?

Description

Time

  • Played on: Nov. 18, 2023, 6:16 a.m.
  • Length: 11:33

All games in this series

Show
View Real Time Build Order
Export as new Build Order

Firefly Protoss 

Build Orders: 1 Gate Expand, Blink Stalkers 

Get SALT Encoding   

  12  0:00  Probe  
  13  0:12  Probe  
  14  0:17  Pylon  
  14  0:24  Probe  
  15  0:35  Gateway  
  15  0:37  Probe (Chrono Boost)  
  16  0:45  Assimilator  
  16  0:49  Probe (Chrono Boost)  
  17  0:54  Probe (Chrono Boost)  
  18  1:03  Probe  
  19  1:15  Probe  
  20  1:22  Cybernetics Core  
  20  1:32  Nexus  
  20  1:39  Pylon  
  20  1:43  Probe  
  21  1:49  Assimilator  
  21  1:55  Probe  
  21  1:57  Adept (Chrono Boost)  
  21  2:00  Warp Gate  
  24  2:07  Probe  
  25  2:19  Probe (Chrono Boost)  
  26  2:24  Twilight Council  
  26  2:28  Adept  
  28  2:31  Probe (Chrono Boost)  
  29  2:40  Probe (Chrono Boost)  
  31  2:44  Probe (Chrono Boost)  
  31  2:49  Gateway  
  32  2:51  Probe (Chrono Boost)  
  32  2:54  Blink (Chrono Boost), Probe (Chrono Boost)  
  34  2:58  Probe (Chrono Boost)  
  34  3:00  Probe  
  35  3:09  Probe  
  35  3:12  Probe  
  37  3:17  Robotics Facility  
  37  3:22  Probe  
  37  3:24  Probe  
  39  3:34  Nexus  
  39  3:36  Probe  
  39  3:39  Probe  
  41  3:42  Pylon  
  41  3:49  Probe  
  41  3:52  Stalker x2  
  46  4:00  Probe  
  47  4:02  Pylon  
  47  4:07  Observer  
  47  4:08  Probe  
  49  4:12  Probe  
  49  4:14  Forge  
  49  4:16  Stalker x2  
  54  4:23  Probe  
  53  4:31  Probe  
  54  4:35  Gateway x2, Probe  
  55  4:40  Stalker x2  
  55  4:45  Probe  
  60  4:46  Shield Battery  
  60  4:48  Protoss Ground Armor Level 1 (Chrono Boost)  
  60  4:51  Probe x2  
  62  4:53  Shield Battery  
  62  4:59  Probe  
  63  5:03  Probe  
  63  5:06  Probe  
  65  5:09  Gateway  
  65  5:11  Gateway, Charge, Probe  
  66  5:15  Probe  
  67  5:24  Warp Prism (Chrono Boost), Probe x2  
  69  5:28  Gateway  
  69  5:31  Pylon  
  69  5:32  Gateway  
  69  5:34  Probe  
  70  5:36  Photon Cannon  
  70  5:39  Pylon  
  70  5:43  Sentry  
  70  5:44  Zealot  
  70  5:48  Zealot  
  76  5:52  Pylon  
  76  5:54  Pylon  
  76  5:57  Pylon  
  76  5:58  Observer  
  76  6:03  Stalker  
  79  6:08  Zealot  
  79  6:09  Zealot x4  
  89  6:15  Observer  
  89  6:19  Protoss Ground Weapons Level 1 (Chrono Boost)  
  89  6:24  Zealot  
  91  6:25  Pylon  
  91  6:26  Zealot  
  91  6:27  Zealot, Pylon  
  95  6:32  Zealot  
  95  6:33  Zealot x4  
  105  6:41  Immortal  
  105  6:43  Pylon  
  105  6:51  Zealot x3  
  115  6:56  Photon Cannon  
  115  6:58  Pylon  
  115  7:04  Stalker  
  115  7:05  Zealot, Stalker x3  
  125  7:11  Pylon  
  125  7:14  Probe  
  125  7:20  Zealot, Stalker x2  
  131  7:30  Nexus  
  131  7:39  Zealot x5  
  141  7:48  Protoss Ground Armor Level 2 (Chrono Boost)  
  137  8:01  Zealot x7  
  137  8:02  Zealot  
  137  8:05  Gateway, Probe x3  
  156  8:08  Forge  
  156  8:09  Gateway  
  156  8:19  Shield Battery  
  156  8:22  Pylon  
  156  8:25  Photon Cannon  
  156  8:33  Pylon  
  156  8:34  Pylon  
  156  8:41  Pylon  
  156  8:42  Probe, Pylon  
  156  8:43  Probe x2  
  156  8:44  Stalker x5  
  159  8:49  Zealot, Stalker x3  
  159  8:50  Protoss Ground Weapons Level 2 (Chrono Boost), Zealot x2  
  171  8:57  Zealot x2  
  171  9:02  Zealot  
  173  9:22  Robotics Bay  
  173  9:24  Zealot x10  
  153  9:48  Zealot x8  
  153  9:49  Zealot x2  
  150  10:05  Assimilator, Probe x4  
  150  10:06  Assimilator  
  154  10:12  Zealot x8  
  154  10:13  Zealot x2  
  174  10:17  Probe  
  149  10:32  Zealot x3  
  149  10:33  Zealot x7  
  69  10:53  Stalker x4  
  69  10:54  Zealot x3, Stalker x3  
  62  11:15  Zealot  
  62  11:16  Zealot x4  
  62  11:17  Zealot x4  
  78  11:25  Stalker  
Show
View Real Time Build Order
Export as new Build Order

Coffee Terran - Winner!

Build Orders: Cyclone Opening, Reaper Expand 

Get SALT Encoding   

  12  0:00  SCV  
  13  0:12  SCV  
  14  0:16  Supply Depot  
  14  0:24  SCV  
  15  0:38  SCV  
  15  0:39  Barracks  
  15  0:42  Refinery  
  16  0:50  SCV  
  17  1:02  SCV  
  18  1:14  SCV  
  19  1:27  Orbital Command, Reaper  
  20  1:47  Command Center  
  20  1:52  Supply Depot  
  20  1:54  SCV  
  20  1:58  Marine  
  22  2:06  SCV  
  23  2:10  Factory  
  23  2:16  Bunker  
  23  2:21  SCV  
  24  2:23  Barracks Reactor  
  24  2:33  Barracks  
  24  2:34  SCV  
  25  2:46  SCV  
  25  2:49  Refinery  
  26  2:54  Cyclone  
  28  2:58  Orbital Command, SCV  
  28  3:04  Marine x2  
  31  3:10  SCV  
  32  3:22  Barracks Tech Lab, SCV, Marine x2  
  32  3:25  SCV  
  36  3:30  Factory Tech Lab  
  36  3:33  Supply Depot  
  36  3:34  SCV  
  36  3:37  SCV  
  36  3:40  Marine x2  
  40  3:42  Stimpack  
  40  3:50  SCV x2  
  40  3:51  Siege Tank  
  44  3:57  Barracks  
  44  3:59  Marine x3  
  47  4:02  Engineering Bay  
  47  4:07  Refinery  
  47  4:10  SCV x2  
  47  4:14  Supply Depot  
  49  4:21  Marine  
  49  4:22  SCV x2, Marine x2  
  54  4:29  Terran Infantry Weapons Level 1  
  54  4:35  SCV x2  
  54  4:36  Supply Depot  
  56  4:47  Starport  
  56  4:48  Factory Reactor, SCV x2  
  56  4:50  Combat Shield  
  58  4:56  Marine x4  
  58  4:59  Supply Depot  
  62  5:00  SCV x2  
  64  5:07  Supply Depot  
  64  5:12  SCV x2  
  66  5:15  Marauder x2  
  66  5:20  Marine x2  
  70  5:24  Supply Depot  
  70  5:27  SCV x2  
  72  5:30  Medivac x2, Refinery  
  72  5:35  Factory Reactor  
  76  5:36  Marauder x2  
  76  5:38  Marine x2  
  76  5:40  Supply Depot  
  82  5:44  Supply Depot  
  82  5:56  Command Center  
  82  6:01  Marauder x2  
  86  6:05  Marine x2  
  86  6:08  Medivac x2  
  92  6:16  Widow Mine x2  
  96  6:25  Barracks  
  96  6:27  Barracks, Marauder  
  96  6:29  Marauder  
  100  6:34  Supply Depot  
  100  6:35  Marine x2  
  102  6:47  Widow Mine  
  102  6:48  Widow Mine  
  102  6:53  Marauder x2  
  110  6:55  Medivac x2  
  110  6:56  Marine x2  
  110  6:58  Terran Infantry Armor Level 1  
  116  7:07  Ghost Academy  
  116  7:08  Orbital Command  
  116  7:11  Widow Mine  
  116  7:14  Widow Mine  
  120  7:17  Barracks Reactor, Barracks Tech Lab  
  120  7:18  Marine x2  
  120  7:22  Supply Depot  
  121  7:26  Supply Depot  
  123  7:30  Marauder x2  
  123  7:36  Viking x2  
  129  7:43  Missile Turret  
  129  7:46  Concussive Shells  
  129  7:51  Marine x2  
  130  7:52  Ghost x2  
  130  7:54  Marine x2  
  134  7:59  Ghost  
  134  8:04  Supply Depot  
  134  8:05  Supply Depot  
  136  8:11  Missile Turret, Marine x2  
  138  8:13  Marine x2  
  138  8:15  Widow Mine x2  
  144  8:22  Missile Turret  
  144  8:25  Ghost  
  146  8:27  Supply Depot  
  146  8:30  Ghost  
  146  8:33  Marine x4  
  150  8:39  Armory  
  150  8:43  Widow Mine x2  
  154  8:51  Orbital Command  
  154  8:58  SCV  
  154  8:59  SCV  
  156  9:07  Marauder x3  
  156  9:08  Marine x4  
  162  9:17  SCV  
  162  9:19  SCV x2  
  162  9:23  Supply Depot  
  165  9:26  Marine x2  
  165  9:27  Ghost  
  165  9:28  Ghost  
  165  9:29  SCV  
  172  9:32  Marine  
  172  9:35  Supply Depot  
  173  9:39  Marine  
  173  9:41  Orbital Command  
  161  9:55  SCV  
  162  10:00  Marine x4  
  162  10:02  Marauder x3  
  162  10:04  SCV  
  162  10:06  SCV  
  162  10:07  SCV  
  175  10:14  Widow Mine x2  
  179  10:15  Medivac x2  
  179  10:16  SCV  
  180  10:32  Marauder  
  180  10:33  Marauder x2  
  159  10:36  Marine x2  
  159  10:37  SCV  
  159  10:40  Marine  
  144  10:44  Marine  
  144  10:48  SCV  
  144  10:49  SCV  
  141  10:51  SCV  
  141  10:54  Widow Mine x2, Marine, Marauder x3  
  148  10:57  Engineering Bay  
  148  10:59  Marine x2  
  148  11:00  SCV  
  148  11:02  Marine  
  144  11:12  Marine  
  144  11:15  Marine  
  145  11:28  Refinery x2  
Tags
 
Add a new tag
Caveats
  • Supply blocks, unpowered buildings, or Contaminate may cause inaccurate times.
  • Supply counts are checked every 10 seconds.